 Dungeon Crawl Stone Soup version 0.28-a0-779-g3d1f99b579 (webtiles) character file.

Game seed: 420930777835128314

372 ytrimaz the Magician (level 7, -2/49 HPs)
             Began as a Djinni Transmuter on Nov 2, 2021.
             Was an Initiate of Yredelemnul.
             Killed by nerve-wracking pain
             ... invoked by an orc priest
              (4 damage)
             ... on level 5 of the Dungeon.
             The game lasted 00:06:37 (5985 turns).

ytrimaz the Magician (Djinni Transmuter)            Turns: 5985, Time: 00:06:38

Health: -2/49      AC:  2    Str:  9    XL:     7   Next: 2%
Gold:   168        EV: 20    Int: 17    God:    Yredelemnul [......] SH:  0 Dex: 18

rFire   . . .      SeeInvis .     - Unarmed
rCold   . . .      Faith    .   (shield currently unavailable)
rNeg    . . .      Spirit   .   (armour currently unavailable)
rPois   ∞          Reflect  .   (helmet currently unavailable)
rElec   .          Harm     .   (cloak currently unavailable)
rCorr   +          Rampage  .   (gloves currently unavailable)
Will    .....                   (boots unavailable)
Stlth   ++........              (no amulet)
HPRegen 0.16/turn               i - ring of resist corrosion
MPRegen 0.00/turn               (no ring)

@: spider-form, flying
A: venomous fangs, flying, sickness immunity, tiny, (fire resistance 2), (cold
vulnerability 1), float, innate caster, hp casting, extra vitality 1
a: End Transformation, Renounce Religion


You were on level 5 of the Dungeon.
You worshipped Yredelemnul.
Yredelemnul was noncommittal.
You were a venomous arachnid creature.
You visited 2 branches of the dungeon, and saw 6 of its levels.

You collected 168 gold pieces.

Inventory:

Armour
 a - a +2 robe (melded)
 c - a +0 pair of gloves (melded)
Jewellery
 i - a ring of resist corrosion (left front leg)
Scrolls
 f - a scroll of teleportation
 g - a scroll of silence
 j - a scroll of identify
 k - a scroll of fog {unknown}
Potions
 b - a potion of invisibility {unknown}
 d - a potion of curing {unknown}
 e - a potion of berserk rage {unknown}
 h - 3 potions of flight {unknown}


   Skills:
 * Level 2.4 Fighting
 * Level 3.2 Dodging
 - Level 4.0 Unarmed Combat
 * Level 4.1 Spellcasting
 * Level 0.3 Invocations


You couldn't memorise any spells.
You knew the following spells:

 Your Spells              Type           Power      Damage    Failure   Level
a - Beastly Appendage     Tmut           34%        N/A       10%         1
b - Wereblood             Tmut           17%        N/A       13%         2
c - Spider Form           Tmut/Pois      17%        N/A       22%         3
d - Ice Form              Ice/Tmut       17%        N/A       50%         4
e - Magic Dart            Conj           68%        1d6       10%         1
f - Corpse Rot            Necr/Air       34%        N/A       13%         2
g - Confusing Touch       Hex            17%        N/A       22%         3
Your spell library was empty.

Dungeon Overview and Level Annotations

Branches:
Dungeon (5/15)             Temple (1/1) D:4

Altars:
Cheibriados
Dithmenos
Fedhas
Gozag
Hepliaklqana
Kikubaaqudgha
Nemelex Xobeh
Okawaru
Qazlal
Ru
Sif Muna
Trog
Uskayaw
Wu Jian
Yredelemnul
The Shining One

Shops:
D:2 *   D:4 (


Innate Abilities, Weirdness & Mutations

You are a venomous arachnid creature.
You have poisonous fangs.
You are tiny and dextrous.
You are flying.
Your spellcasting is less reliable in this form.
Your armour is entirely melded.
You are incapable of wielding weapons or throwing items.
You are immune to sickness and miasma.
You are immune to poison.
((Your flesh is very heat resistant. (rF++)))
((You are vulnerable to cold. (rC-)))
You float through the air rather than walking.
You learn spells naturally, not from books.
Your magical power is your life essence.
You have superior vitality. (+4 HP)


Message History

Pain shoots through your body! The orc closely misses you.
The centaur zombie closely misses you.
The centaur zombie kicks you but does no damage.
Unknown command.
The orc priest looks braver for a moment.
The centaur zombie hits you. The centaur zombie closely misses you.
The shadow imp closely misses you. The orc completely misses you.
The ogre completely misses you. The centaur zombie misses you.
The centaur zombie kicks you. The shadow imp closely misses you.
Found a stone staircase leading down.
The shadow imp misses you. The orc priest completely misses you.
You barely miss the orc priest.
The orc priest looks braver for a moment.
The shadow imp hits you.
* * * LOW HITPOINT WARNING * * *
The orc misses you.
You hit the orc priest but do no damage.
The orc priest is poisoned.
You kill the ogre!
Yredelemnul accepts your kill. The orc priest barely misses you.
The shadow imp misses you. The orc misses you.
Your Spellcasting skill increases to level 4!
You have reached level 7!
The power to cast Confusing Touch wells up from within.
Spell assigned to 'g'.
You hit the orc priest but do no damage.
The orc priest looks even sicker.
The orc priest looks encouraged for a moment.
The shadow imp gestures at you. Pain shoots through your body!
* * * LOW HITPOINT WARNING * * *
The centaur zombie closely misses you. The centaur zombie misses you.
The orc misses you. The orc completely misses you.
The orc priest calls down the wrath of Beogh upon you.
Pain shoots through your body!
You die...
Your body rises from the dead as a mindless zombie.

#......#.#.
..........
##.......###
###..........
..........#
#........#
#...o....#
##..s.Z...#
#.#...o5o...##.
................
.....##..##..#..
##... #<.# #....
#.# #..# ....
... ...# ... ##
..#.# .> #..#(#


You could see an orc priest (very poisoned), a shadow imp, 2 orcs and a centaur
zombie.

Vanquished Creatures
  A black bear (D:4)
  An ogre (D:5)
  A howler monkey (D:4)
  A jelly (D:4)
  A hound skeleton (D:4)
  6 adders
  2 worms (D:3)
  3 dart slugs (D:4)
  2 orcs (D:4)
  5 ball pythons
  5 bats
  5 endoplasms
  A giant cockroach (D:1)
  7 goblins
  3 hobgoblins
  2 jackals (D:1)
  4 quokkas
  2 frilled lizards (D:2)
  A kobold (D:3)
  2 rats
55 creatures vanquished.

Notes
Turn   | Place    | Note
-------+----------+-------------------------------------------
     0 | D:1      | ytrimaz the Djinni Transmuter began the quest for the Orb.
     0 | D:1      | Reached XP level 1. HP: 17/17 MP: 0/0
   179 | D:1      | Reached XP level 2. HP: 11/22 MP: 0/0
  1106 | D:1      | Reached XP level 3. HP: 17/27 MP: 0/0
  1106 | D:1      | Learned a level 1 spell: Magic Dart
  1789 | D:2      | Found a faded altar of an unknown god.
  1895 | D:2      | Found Taej's Assorted Antiques.
  2003 | D:2      | Reached XP level 4. HP: 28/32 MP: 0/0
  3480 | D:3      | Found a shadowy altar of Dithmenos.
  3491 | D:3      | Found an iron altar of Okawaru.
  3535 | D:3      | Found a glowing golden altar of the Shining One.
  3546 | D:3      | Found an opulent altar of Gozag.
  3941 | D:4      | Reached XP level 5. HP: 34/38 MP: 0/0
  3941 | D:4      | Learned a level 2 spell: Corpse Rot
  4027 | D:4      | Identified the +1 mace of the Thieving Viper {vorpal, rPois
                  | rCorr Int-3 SInv}
  4286 | D:4      | Found Ruxtie's Weapon Shop.
  4302 | D:4      | Noticed a black bear
  4314 | D:4      | Killed a black bear
  4315 | D:4      | Reached XP level 6. HP: 24/43 MP: 0/0
  5163 | D:4      | Found a hide-covered altar of Uskayaw.
  5163 | D:4      | Found a blossoming altar of Fedhas.
  5289 | D:4      | Found a staircase to the Ecumenical Temple.
  5421 | Temple   | Entered the Ecumenical Temple
  5553 | Temple   | Became a worshipper of Yredelemnul the Dark
  5591 | D:5      | Entered Level 5 of the Dungeon
  5591 | D:5      | Noticed an ogre
  5983 | D:5      | Killed an ogre
  5984 | D:5      | Reached XP level 7. HP: 12/49 MP: 0/0
  5984 | D:5      | Learned a level 3 spell: Confusing Touch
  5984 | D:5      | HP: 2/49 [shadow imp/nerve-wracking pain (11)]
  5985 | D:5      | Killed from afar by an orc priest

Illustrated notes

Levels and vault maps discovered:
D:1:      co_arrival_square_in_a_square_in_a_square, layout_rooms
D:2:      layout_basic, serial_shops, shop_statue, basic_ecumenical_altar,
          serial_glass, glass_columns_a, glass_columns_b
D:3:      layout_basic, nicolae_overflow_quartered_altars, minivault_26,
          st_stairs_2, uniq_crazy_yiuf_cottage
D:4:      layout_loops_corners, gammafunk_temple_overflow_elements,
          minmay_temple_entry_enclosed_plants, serial_shops, shop,
          hangedman_abyss_or_decor_lesser_grid
D:5:      layout_rooms, nicolae_stop_n_shop_1, serial_bayou_crossing
Temple:   zaba_magenta_temple

Skill      XL: |  1  2  3  4  5  6 |
---------------+-------------------+-----
Spellcasting   | 2 3 4 |  4.1
Fighting       | 2 |  2.4
Unarmed Combat | 4 |  4.0
Dodging        | 3 |  3.2
Invocations    | |  0.3

Action                   |  1- 3 |  4- 6 |  7- 9 || total
-------------------------+-------+-------+-------++-------
Melee: Unarmed           |    63 |    18 |     1 ||    82
       Headbutt          |     7 |     2 |       ||     9
       Punch             |     1 |       |       ||     1
 Cast: Beastly Appendage |    12 |     2 |       ||    14
       Magic Dart        |    20 |   110 |       ||   130
       Wereblood         |       |     1 |       ||     1
       Corpse Rot        |       |     2 |       ||     2
       Spider Form       |       |     2 |       ||     2
  Use: Scroll            |       |     7 |       ||     7
 Stab: Sleeping          |     2 |     1 |       ||     3
Armor: Robe              |    16 |    14 |       ||    30
       Skin              |       |     2 |       ||     2
Dodge: Dodged            |    57 |    63 |     4 ||   124

Table legend: (Time is in decaauts)
 A = Elapsed time spent in this place.
 B = Non-inter-level travel time spent in this place.
 C = Inter-level travel time spent in this place.
 D = Time resting spent in this place.
 E = Time spent auto-exploring this place.
 F = Levels seen in this place.
 G = Mean time per level.
                   A        B        C        D        E       F      G
               +--------+--------+--------+--------+--------+-----+--------+
         Total |   5980 |   5835 |    145 |   1682 |   3566 |   6 |  996.7 |
       Dungeon |   5834 |   5689 |    145 |   1682 |   3516 |   5 | 1166.8 |
        Temple |    145 |    145 |      0 |      0 |     50 |   1 |  145.0 |
               +--------+--------+--------+--------+--------+-----+--------+

Top non-repeatable levels by time:
     D:4: 1884 daAuts
     D:2: 1558 daAuts
     D:1: 1462 daAuts
     D:3: 909 daAuts
  Temple: 145 daAuts
     D:5: 19 daAuts
